 Dungeon Crawl Stone Soup version 0.31.0-9-g3a7656b989 (webtiles) character file.

Game seed: 8803171621793710429

1724 qw the Nimble (level 8, -2/40 HPs)
             Began as a Spriggan Hunter on Feb 2, 2024.
             Incinerated by a bombardier beetle (3 damage)
             ... with a burning spray
             ... on level 5 of the Dungeon.
             The game lasted 00:00:27 (5470 turns).

qw the Nimble (Spriggan Hunter)                     Turns: 5470, Time: 00:00:28

Health: -2/40      AC:  2    Str:  6    XL:     8   Next: 75%
Magic:  9/9        EV: 26    Int: 16    God:
Gold:   40         SH:  4    Dex: 23    Spells: 7/7 levels left

rFire   . . .        l - +2 shortbow (drain)
rCold   + . .        (shield currently unavailable)
rNeg    . . .        c - +0 robe
rPois   .            (helmet restricted)
rElec   +            (no cloak)
rCorr   .            (gloves unavailable)
SInv    +            (boots unavailable)
Will    ++...        d - amulet of faith
Stlth   +            h - ring of protection from cold
HPRegen 0.26/turn    j - ring "Plog" {rElec rC- Will+ Int+2 Dex+3}
MPRegen 0.11/turn

%: faith
@: on fire, glowing, very quick
A: very small, no large weapons, unfitting armour, see invisible, speed 3, large
bone plates 1, clever 1, cold resistance 1, subdued magic 1
a: no special abilities


You were on level 5 of the Dungeon.
You visited 1 branch of the dungeon, and saw 6 of its levels.
You also visited: Sewer and Ossuary.

You collected 144 gold pieces.
You spent 104 gold pieces at shops.


Innate Abilities, Weirdness & Mutations

You are very small and have problems with some larger weapons.
You are too small for most types of armour.
You have supernaturally acute eyesight. (SInv)
You cover ground extremely quickly. (Speed+++)
You are partially covered in large bone plates. (SH +4)
Your mind is acute. (Int +4, Str/Dex -1)
Your flesh is cold resistant. (rC+)
Your spells are a little easier to cast, but a little less powerful.


   Skills:
 - Level 3.1 Fighting
 - Level 9.0 Ranged Weapons
 + Level 9.9 Dodging
 - Level 1.5 Stealth


You had 7 spell levels left.
You didn't know any spells.
Your spell library was empty.

Inventory:

Hand Weapons
 a - a +0 shortbow of draining
 l - a +2 shortbow of draining (weapon)
Armour
 c - a +0 robe (worn)
Jewellery
 b - an amulet of regeneration
 d - an amulet of faith (around neck)
 h - a ring of protection from cold (left hand)
 j - the ring "Plog" (right hand) {rElec rC- Will+ Int+2 Dex+3}
   (You found it on level 3 of the Dungeon)

   [ring of willpower]

   Int+2:     It affects your intelligence (+2).
   Dex+3:     It affects your dexterity (+3).
   rC-:       It makes you vulnerable to cold.
   rElec:     It insulates you from electricity.
   Will+:     It increases your willpower.
Wands
 f - a wand of charming (11)
Scrolls
 m - a scroll of enchant armour
 n - 2 scrolls of teleportation
Potions
 e - 5 potions of curing
 g - 2 potions of might
 i - 4 potions of mutation
 k - a potion of cancellation
 p - a potion of haste {unknown}

Dungeon Overview and Level Annotations

Branches:
Dungeon (6/15)             Temple (0/1) D:6           Sewer (visited)
Ossuary (visited)

Altars:
Nemelex Xobeh
Xom
Zin

Shops:
D:4 ?


Message History

You shoot an arrow. The arrow hits the bombardier beetle!
The bombardier beetle is heavily wounded.
The kobold shouts! x3; You hear a shout!
A kobold brigand comes into view.
It is wielding a +0 whip and quivering poisoned darts.
The bombardier beetle sprays incendiary fluid at you.
The burning spray hits you.
You are covered in liquid fire!
You hear a shout!
You shoot an arrow. The arrow hits the bombardier beetle.
The bombardier beetle is almost dead.
The liquid fire burns you!
A kobold comes into view. It is wielding a +0 short sword. x2
The kobold brigand throws a poisoned dart.
You block the poisoned dart.
You shoot an arrow. The kobold shouts!
The arrow hits the bombardier beetle!
You kill the bombardier beetle!
The liquid fire burns you!
Your life force feels restored.
5463 ||| STAIRDANCE The liquid fire burns you!
You shake off some of the fire as you move.
You climb upwards.
The liquid fire burns you!
There is a stone staircase leading down here.
You shoot an arrow. The arrow hits the kobold.
You drain the kobold.
You kill the kobold!
The liquid fire burns you!
You are on fire!
The liquid fire burns you!
You are on fire!
The liquid fire burns you!
You are on fire!
The liquid fire burns you!
You are on fire!
The liquid fire burns you!
You are on fire!
The liquid fire burns you!
You die...

#.....###.:.......######..
#................## #..
#.............#### #.#
#....##.....### #.'
#...###.....# #.# #####
##....## #.# #......## #.#
#.)#....# #.+ ###@...##
### ######


There were no monsters in sight!

Vanquished Creatures
  An ogre (D:4)
  A phantom (D:5)
  A weeping skull (Ossuary)
  2 bullfrogs (Sewer)
  3 scorpions
  6 water moccasin zombies (Ossuary)
  A wight (D:5)
  2 bombardier beetles
  A hound (D:4)
  A jelly (D:5)
  2 orc priests
  A spectral scorpion (Ossuary)
  A sleepcap (D:4)
  Terence (D:2)
  Natasha (twice) (D:3)
  4 iguanas
  2 orc wizards
  A crocodile zombie (Ossuary)
  2 mummies (Ossuary)
  3 gnolls (D:5)
  9 adders
  2 ufetubi (D:4)
  3 adder zombies (Ossuary)
  7 dart slugs
  5 ribbon worms
  7 orcs
  13 endoplasms
  13 giant cockroaches
  4 gnoll zombies (Ossuary)
  7 hobgoblins
  6 jackals
  3 quokkas
  15 ball pythons
  A bat (D:3)
  8 frilled lizards
  5 goblins
  5 jackal zombies (Ossuary)
  9 kobolds
  2 orc zombies (Ossuary)
  7 rats
169 creatures vanquished.

Notes
Turn   | Place    | Note
-------+----------+-------------------------------------------
     0 | D:1      | qw the Spriggan Hunter began the quest for the Orb.
     0 | D:1      | Reached XP level 1. HP: 10/10 MP: 2/2
     0 | D:1      | 0 ||| qw: Version: 0.3-a-155-g5e7d8dd
     0 | D:1      | 0 ||| qw: Game counter: 2006
     0 | D:1      | 0 ||| qw: Melee chars always use a shield: true
     0 | D:1      | 0 ||| qw: God list: Okawaru
     0 | D:1      | 0 ||| qw: Allow faded altars: false
     0 | D:1      | 0 ||| qw: Do Orc after clearing Dungeon:15 true
     0 | D:1      | 0 ||| qw: Do second Lair branch before Depths: true
     0 | D:1      | 0 ||| qw: Lair rune preference: random
     0 | D:1      | 0 ||| qw: Goals: Normal
     0 | D:1      | 0 ||| PLANNING D:1-11
    69 | D:1      | Reached skill level 3 in Dodging
   341 | D:1      | Reached XP level 2. HP: 14/14 MP: 3/3
   690 | D:1      | 690 ||| UPGRADING to amulet of faith.
   695 | D:1      | 695 ||| READING scroll labelled UCSUZA ZAETTU.
   695 | D:1      | 695 ||| BRANDING +0 shortbow.
   696 | D:1      | 696 ||| READING scroll labelled DAG NAMEYSH.
   697 | D:1      | 697 ||| DRINKING 2 silvery potions.
   698 | D:1      | 698 ||| DROPPING scroll of butterflies.
   911 | D:2      | Noticed Terence
   918 | D:2      | Killed Terence
   919 | D:2      | Reached XP level 3. HP: 9/18 MP: 4/4
   984 | D:2      | 984 ||| FLEEEEING.
  1191 | D:2      | Reached XP level 4. HP: 22/22 MP: 5/5
  1480 | D:2      | Found a faded altar of an unknown god.
  1594 | D:2      | 1594 ||| READING scroll labelled LEMOZITSAX.
  1595 | D:2      | 1595 ||| READING scroll labelled GAOTHU TETOFO.
  1596 | D:2      | 1596 ||| READING scroll labelled ILIHOA NUOHALU.
  2034 | D:3      | Found a shimmering altar of Xom.
  2511 | D:3      | Reached XP level 5. HP: 18/26 MP: 6/6
  2620 | D:3      | Identified the ring "Plog" {rElec rC- Will+ Int+2 Dex+3}
  2864 | D:3      | Noticed Natasha
  2869 | D:3      | Killed Natasha
  3068 | D:3      | 3068 ||| UPGRADING to ring of protection from cold.
  3069 | D:3      | 3069 ||| UPGRADING to ring "Plog" {rElec rC- Will+ Int+2
                  | Dex+3}.
  3070 | D:3      | 3070 ||| DRINKING 2 viscous emerald potions.
  3071 | D:3      | 3071 ||| DRINKING 2 metallic puce potions.
  3108 | D:3      | 3108 ||| DRINKING 2 fuming inky potions.
  3108 | D:3      | Gained mutation: Your spells are a little easier to cast,
                  | but a little less powerful. [potion of mutation]
  3108 | D:3      | Gained mutation: You are partially covered in large bone
                  | plates. (SH +4) [potion of mutation]
  3108 | D:3      | Gained mutation: Your mind is acute. (Int +4, Str/Dex -1)
                  | [potion of mutation]
  3108 | D:3      | Gained mutation: Your flesh is cold resistant. (rC+)
                  | [potion of mutation]
  3109 | D:3      | 3109 ||| DROPPING potion of lignification.
  3126 | D:3      | Noticed Natasha
  3128 | D:3      | 3128 ||| FLEEEEING.
  3132 | D:3      | Killed Natasha
  3181 | D:4      | 3181 ||| PLANNING SEWER
  3189 | D:4      | Reached XP level 6. HP: 30/30 MP: 7/7
  3189 | D:4      | 3189 ||| STAIRDANCE
  3203 | D:4      | Reached skill level 6 in Dodging
  3251 | D:4      | Found Xiwac's Magic Scroll Boutique.
  3292 | D:4      | 3292 ||| BUYING scroll of enchant armour (82 gold).
  3292 | D:4      | Bought a scroll of enchant armour for 82 gold pieces
  3292 | D:4      | 3292 ||| SHOPLISTING scroll of enchant weapon (82 gold,
                  | have 27).
  3292 | D:4      | 3292 ||| BUYING scroll of identify (22 gold).
  3292 | D:4      | Bought a scroll of identify for 22 gold pieces
  3377 | D:4      | Reached skill level 6 in Ranged Weapons
  3528 | D:4      | Reached XP level 7. HP: 35/35 MP: 8/8
  3732 | D:4      | Found a glowing drain.
  3733 | D:4      | 3733 ||| DROPPING +6 ring of intelligence.
  3734 | D:4      | 3734 ||| READING 3 scrolls of identify.
  3734 | D:4      | 3734 ||| IDENTIFYING bubbling coppery potion
  3735 | D:4      | 3735 ||| READING 2 scrolls of identify.
  3735 | D:4      | 3735 ||| IDENTIFYING scroll labelled ETUCEE WAMESTRI
  3736 | D:4      | 3736 ||| DROPPING potion of degeneration.
  3737 | D:4      | 3737 ||| DROPPING scroll of vulnerability.
  3746 | Sewer    | Entered a sewer
  4097 | Sewer    | 4097 ||| SWAPPING to +1 shortbow of draining.
  4103 | Sewer    | 4103 ||| READING scroll of identify.
  4103 | Sewer    | 4103 ||| IDENTIFYING fizzy emerald potion
  4104 | Sewer    | 4104 ||| READING scroll labelled XALAASUXIO.
  4104 | Sewer    | 4104 ||| ENCHANTING +1 shortbow of draining.
  4105 | Sewer    | 4105 ||| DROPPING potion of brilliance.
  4120 | D:4      | 4120 ||| PLANNING D:1-11
  4135 | D:5      | Entered Level 5 of the Dungeon
  4136 | D:5      | 4136 ||| PLANNING OSSUARY
  4136 | D:5      | 4136 ||| STAIRDANCE
  4149 | D:5      | 4149 ||| STAIRDANCE
  4192 | D:5      | 4192 ||| STAIRDANCE
  4202 | D:5      | 4202 ||| STAIRDANCE
  4239 | D:5      | 4239 ||| STAIRDANCE
  4432 | D:5      | Reached XP level 8. HP: 39/39 MP: 9/9
  4502 | D:5      | Reached skill level 3 in Fighting
  4549 | D:5      | Found a sparkling altar of Nemelex Xobeh.
  4610 | D:5      | Found a glowing silver altar of Zin.
  4655 | D:5      | Found a sand-covered staircase.
  4755 | D:5      | 4755 ||| READING scroll labelled UHYSUXOAKI.
  4785 | Ossuary  | Entered an ossuary
  4890 | Ossuary  | Reached skill level 9 in Dodging
  4992 | Ossuary  | Reached skill level 9 in Ranged Weapons
  5119 | Ossuary  | 5119 ||| DROPPING amulet of the acrobat.
  5120 | Ossuary  | 5120 ||| DRINKING 2 brown potions.
  5121 | Ossuary  | 5121 ||| DRINKING 2 sedimented orange potions.
  5122 | Ossuary  | 5122 ||| DRINKING 2 metallic clear potions.
  5123 | Ossuary  | 5123 ||| DROPPING potion of magic.
  5124 | Ossuary  | 5124 ||| DROPPING potion of attraction.
  5131 | D:5      | 5131 ||| PLANNING D:1-11
  5205 | D:6      | 5205 ||| FLEEEEING.
  5206 | D:6      | 5206 ||| STAIRDANCE
  5274 | D:6      | 5274 ||| STAIRDANCE
  5334 | D:6      | 5334 ||| STAIRDANCE
  5459 | D:6      | Found a staircase to the Ecumenical Temple.
  5460 | D:6      | 5460 ||| PLANNING TEMPLE
  5463 | D:6      | 5463 ||| STAIRDANCE
  5467 | D:5      | HP: 10/40 [burnt (3)]
  5469 | D:5      | HP: 1/40 [burnt (6)]
  5470 | D:5      | Incinerated by a bombardier beetle

Levels and vault maps discovered:
D:1:      onia_arrival_mini_spirals, layout_basic
D:2:      layout_basic, nicolae_ecumenical_oubliette, nicolae_the_louvre,
          uniq_terence
D:3:      layout_basic, lemuel_round_altar, grunt_ministairs_9, uniq_natasha
D:4:      layout_cave_pools, portal_sewer_entry_d, serial_shops,
          nicolae_shop_tiny_statue_garden, kennysheep_path_1
D:5:      layout_cave_pools, mainiacjoe_overflow_six_doors_small, zin_treasury,
          nicolae_ossuary_entry_false_entrances
D:6:      layout_gridville, minmay_temple_entry_junction_2,
          small_statue_intersection, hangedman_abyss_or_decor_passed,
          minmay_misc_feat_room

Skill      XL: |  1  2  3  4  5  6  7  8 |
---------------+-------------------------+-----
Dodging        | 3 4 5 7 8 9 |  9.9
Ranged Weapons | 5 6 8 9 |  9.0
Fighting       | 2 3 |  3.1
Stealth        | |  1.5

Action                     |  1- 3 |  4- 6 |  7- 9 || total
---------------------------+-------+-------+-------++-------
   Fire: Shortbow          |    81 |   132 |   314 ||   527
    Use: Scroll            |     2 |     3 |     5 ||    10
         Potion            |     1 |     3 |     3 ||     7
 Armour: Robe              |    13 |    13 |    37 ||    63
  Dodge: Dodged            |    55 |    33 |   156 ||   244
  Block: Other             |       |       |    34 ||    34

Table legend:
 A = Non-vault XP
 B = Vault XP
 C = Vault XP percentage of total XP
 D = Non-vault monster count
 E = Vault monster count
 F = Vault count percentage of total count
                 A         B        C        D         E       F
            +---------+---------+-------+---------+---------+-------
      Total |    1385 |    1078 |  43.8 |      96 |      73 |  43.2
            +---------+---------+-------+---------+---------+-------
        D:1 |      24 |       0 |   0.0 |      15 |       0 |   0.0
        D:2 |      61 |      36 |  37.1 |      15 |       1 |   6.2
        D:3 |     187 |      36 |  16.1 |      27 |       2 |   6.9
        D:4 |     592 |      14 |   2.3 |      22 |       1 |   4.3
        D:5 |     476 |       0 |   0.0 |      15 |       0 |   0.0
        D:6 |      45 |       0 |   0.0 |       2 |       0 |   0.0
      Sewer |       0 |     291 | 100.0 |       0 |      44 | 100.0
    Ossuary |       0 |     701 | 100.0 |       0 |      25 | 100.0
            +---------+---------+-------+---------+---------+-------
